[ AOE2 MATCH · #504948982 ]
UnrankedKoreans vs Hindustanis
Player's team · WIN
[ REPLAY ANALYSIS · EXTRACTED FROM THE RECORDED GAME ]
Feudal
10:45
Castle
21:29
Imperial
56:19
| APM avg | 17.6 |
| APM peak | 45 |
| eAPM avg | 13.9 |
| Villagers / military | 90 / 71 |
Focus
⚔️ 31.2% · 🌾 68.8%
Fire Lancer ×64 · Battering Ram ×3 · Militia ×2 · Trebuchet (Packed) ×2
Feudal
12:53
Castle
16:43
Imperial
—
| APM avg | 47.6 |
| APM peak | 102 |
| eAPM avg | 22.6 |
| Villagers / military | 31 / 183 |
Focus
⚔️ 38.5% · 🌾 61.5%
Ghulam ×175 · Armored Elephant ×8
Match map
Initial resources + every placement click. Lines = walls · curves = elevation contours. ◆ gold · ⬟ stone · ● berries · ✦ relic · ◌ wall gap
Your base· Open — 9t gap
TooSwift4_U's base· Open — 11t gap
Smoothed initial terrain · ◌ = detected wall gap · hover for details
Inputs per minute
— DarkAngel2173 - - TooSwift4_U
Build order — DarkAngel2173
First 150 of 321 actions detected
| 0:01 | Queue | Villager (Male) |
| 0:02 | Research | Loom |
| 0:03 | Queue | Villager (Male) |
| 0:03 | Queue | Villager (Male) |
| 0:03 | Queue | Villager (Male) |
| 0:16 | Build | House |
| 0:18 | Build | House |
| 0:19 | Build | House |
| 1:29 | Queue | Villager (Male) |
| 1:36 | Build | House |
| 2:09 | Queue | Villager (Male) |
| 2:43 | Queue | Villager (Male) |
| 2:46 | Build | House |
| 2:50 | Build | House |
| 2:58 | Build | House |
| 3:20 | Queue | Villager (Male) |
| 3:48 | Build | House |
| 3:56 | Queue | Villager (Male) |
| 3:57 | Queue | Villager (Male) |
| 4:17 | Queue | Villager (Male) |
| 4:59 | Queue | Villager (Male) |
| 5:29 | Queue | Villager (Male) |
| 5:30 | Queue | Villager (Male) |
| 5:56 | Build | Lumber Camp |
| 6:29 | Queue | Villager (Male) |
| 6:30 | Queue | Villager (Male) |
| 7:04 | Queue | Villager (Male) |
| 7:28 | Build | Mill |
| 7:36 | Queue | Villager (Male) |
| 8:09 | Queue | Villager (Male) |
| 8:16 | Build | Mining Camp |
| 8:35 | Research | Feudal Age |
| 9:01 | Queue | Villager (Male) |
| 10:08 | Queue | Villager (Male) |
| 10:09 | Queue | Villager (Male) |
| 10:09 | Queue | Villager (Male) |
| 10:44 | Build | Barracks |
| 10:45 | Age | Feudal Age |
| 10:53 | Build | Watch Tower |
| 11:11 | Build | Watch Tower |
| 11:34 | Queue | Militia |
| 11:34 | Queue | Militia |
| 12:47 | Build | Watch Tower |
| 12:57 | Queue | Villager (Male) |
| 12:57 | Queue | Villager (Male) |
| 12:57 | Queue | Villager (Male) |
| 12:58 | Queue | Villager (Male) |
| 13:28 | Build | Watch Tower |
| 13:36 | Build | Watch Tower |
| 13:46 | Build | Watch Tower |
| 13:46 | Build | Watch Tower |
| 13:46 | Build | Watch Tower |
| 13:47 | Build | Watch Tower |
| 13:47 | Build | Watch Tower |
| 13:47 | Build | Watch Tower |
| 13:48 | Build | Watch Tower |
| 13:48 | Build | Watch Tower |
| 13:48 | Build | Watch Tower |
| 13:49 | Build | Watch Tower |
| 13:49 | Build | Watch Tower |
| 13:49 | Build | Watch Tower |
| 13:50 | Build | Watch Tower |
| 13:50 | Build | Watch Tower |
| 13:50 | Build | Watch Tower |
| 13:51 | Build | Watch Tower |
| 13:51 | Build | Watch Tower |
| 13:51 | Build | Watch Tower |
| 13:52 | Build | Watch Tower |
| 13:52 | Build | Watch Tower |
| 13:52 | Build | Watch Tower |
| 13:53 | Build | Watch Tower |
| 13:53 | Build | Watch Tower |
| 13:53 | Build | Watch Tower |
| 13:54 | Build | Watch Tower |
| 13:54 | Build | Watch Tower |
| 13:54 | Build | Watch Tower |
| 13:55 | Build | Watch Tower |
| 13:55 | Build | Watch Tower |
| 13:55 | Build | Watch Tower |
| 13:56 | Build | Watch Tower |
| 13:56 | Build | Watch Tower |
| 13:56 | Build | Watch Tower |
| 13:57 | Build | Watch Tower |
| 13:57 | Build | Watch Tower |
| 13:57 | Build | Watch Tower |
| 13:58 | Build | Watch Tower |
| 13:58 | Build | Watch Tower |
| 13:58 | Build | Watch Tower |
| 13:59 | Build | Watch Tower |
| 13:59 | Build | Watch Tower |
| 13:59 | Build | Watch Tower |
| 14:11 | Build | Archery Range |
| 14:23 | Queue | Villager (Male) |
| 14:35 | Build | Blacksmith |
| 14:56 | Queue | Villager (Male) |
| 15:08 | Queue | Villager (Male) |
| 15:08 | Queue | Villager (Male) |
| 15:09 | Queue | Villager (Male) |
| 15:33 | Build | Mining Camp |
| 15:58 | Build | Mill |
| 16:08 | Queue | Villager (Male) |
| 16:09 | Queue | Villager (Male) |
| 16:17 | Build | Market |
| 17:20 | Build | Watch Tower |
| 17:48 | Queue | Villager (Male) |
| 17:52 | Queue | Villager (Male) |
| 18:49 | Research | Castle Age |
| 18:49 | Research | Castle Age |
| 19:03 | Research | Horse Collar |
| 19:24 | Build | Farm |
| 19:25 | Build | Farm |
| 19:25 | Build | Farm |
| 19:25 | Build | Farm |
| 19:25 | Build | Farm |
| 19:26 | Build | Farm |
| 19:26 | Build | Farm |
| 19:43 | Build | Farm |
| 19:47 | Build | Farm |
| 20:30 | Build | Mining Camp |
| 20:37 | Build | Farm |
| 20:45 | Queue | Villager (Male) |
| 21:28 | Build | Farm |
| 21:29 | Age | Castle Age |
| 21:29 | Build | Farm |
| 21:31 | Build | Farm |
| 21:34 | Queue | Villager (Male) |
| 21:34 | Queue | Villager (Male) |
| 21:45 | Research | Forging |
| 22:00 | Queue | Fire Lancer |
| 22:01 | Queue | Fire Lancer |
| 22:01 | Queue | Fire Lancer |
| 22:02 | Queue | Fire Lancer |
| 22:02 | Queue | Fire Lancer |
| 22:11 | Build | Barracks |
| 22:51 | Queue | Villager (Male) |
| 22:52 | Queue | Villager (Male) |
| 22:52 | Queue | Villager (Male) |
| 22:53 | Queue | Villager (Male) |
| 23:04 | Build | Siege Workshop |
| 24:44 | Build | Town Center |
| 25:29 | Queue | Fire Lancer |
| 25:56 | Build | Watch Tower |
| 25:59 | Queue | Villager (Male) |
| 27:03 | Build | Farm |
| 27:04 | Build | Farm |
| 27:05 | Build | Farm |
| 27:07 | Build | Farm |
| 27:08 | Build | Farm |
| 27:10 | Build | Farm |
| 27:16 | Queue | Villager (Male) |
Build order — TooSwift4_U
First 150 of 273 actions detected
| 0:00 | Queue | Villager (Male) |
| 0:01 | Queue | Villager (Male) |
| 0:02 | Build | House |
| 0:04 | Build | House |
| 0:05 | Queue | Villager (Male) |
| 0:07 | Queue | Villager (Male) |
| 1:24 | Queue | Villager (Male) |
| 3:10 | Queue | Villager (Male) |
| 3:19 | Queue | Villager (Male) |
| 3:29 | Queue | Villager (Male) |
| 3:42 | Build | Lumber Camp |
| 4:01 | Queue | Villager (Male) |
| 4:06 | Build | House |
| 4:07 | Build | House |
| 4:16 | Queue | Villager (Male) |
| 4:58 | Queue | Villager (Male) |
| 5:29 | Queue | Villager (Male) |
| 6:20 | Build | Mill |
| 6:26 | Queue | Villager (Male) |
| 6:54 | Queue | Villager (Male) |
| 7:26 | Queue | Villager (Male) |
| 7:39 | Queue | Villager (Male) |
| 8:38 | Queue | Villager (Male) |
| 9:02 | Queue | Villager (Male) |
| 9:02 | Queue | Villager (Male) |
| 9:02 | Queue | Villager (Male) |
| 9:43 | Build | Mining Camp |
| 9:58 | Research | Loom |
| 9:59 | Research | Feudal Age |
| 11:52 | Build | House |
| 12:53 | Age | Feudal Age |
| 12:56 | Build | Mining Camp |
| 13:06 | Build | Market |
| 13:16 | Build | Blacksmith |
| 14:03 | Research | Castle Age |
| 15:40 | Research | Double-Bit Axe |
| 15:43 | Research | Horse Collar |
| 16:05 | Build | House |
| 16:06 | Build | House |
| 16:12 | Build | House |
| 16:43 | Age | Castle Age |
| 16:58 | Build | Castle |
| 17:27 | Research | Scale Mail Armor |
| 18:03 | Queue | Ghulam |
| 18:03 | Queue | Ghulam |
| 18:03 | Queue | Ghulam |
| 18:03 | Queue | Ghulam |
| 18:25 | Build | Mill |
| 18:33 | Build | Farm |
| 18:37 | Build | Farm |
| 18:39 | Build | Farm |
| 18:42 | Queue | Villager (Male) |
| 18:44 | Queue | Villager (Male) |
| 19:04 | Build | Farm |
| 19:06 | Queue | Ghulam |
| 19:06 | Queue | Ghulam |
| 19:06 | Queue | Ghulam |
| 19:20 | Queue | Ghulam |
| 19:20 | Queue | Ghulam |
| 20:21 | Queue | Ghulam |
| 20:21 | Queue | Ghulam |
| 20:32 | Queue | Ghulam |
| 20:32 | Queue | Ghulam |
| 20:54 | Build | Farm |
| 20:57 | Build | Farm |
| 20:58 | Queue | Villager (Male) |
| 21:08 | Queue | Ghulam |
| 21:08 | Queue | Ghulam |
| 21:08 | Queue | Ghulam |
| 21:27 | Queue | Ghulam |
| 21:27 | Queue | Ghulam |
| 21:50 | Queue | Ghulam |
| 21:51 | Queue | Ghulam |
| 21:56 | Queue | Ghulam |
| 21:57 | Queue | Ghulam |
| 22:05 | Build | Farm |
| 22:20 | Queue | Ghulam |
| 22:20 | Queue | Ghulam |
| 22:45 | Queue | Ghulam |
| 22:45 | Queue | Ghulam |
| 22:58 | Queue | Ghulam |
| 22:58 | Queue | Ghulam |
| 23:08 | Queue | Ghulam |
| 23:08 | Queue | Ghulam |
| 23:41 | Queue | Ghulam |
| 23:42 | Queue | Ghulam |
| 23:42 | Queue | Ghulam |
| 23:59 | Queue | Ghulam |
| 23:59 | Queue | Ghulam |
| 23:59 | Queue | Ghulam |
| 24:12 | Queue | Ghulam |
| 24:12 | Queue | Ghulam |
| 24:24 | Queue | Ghulam |
| 24:24 | Queue | Ghulam |
| 24:40 | Queue | Ghulam |
| 24:40 | Queue | Ghulam |
| 25:14 | Queue | Ghulam |
| 25:14 | Queue | Ghulam |
| 25:32 | Queue | Ghulam |
| 25:33 | Queue | Ghulam |
| 26:27 | Queue | Ghulam |
| 26:28 | Queue | Ghulam |
| 26:28 | Queue | Ghulam |
| 27:21 | Research | Chain Mail Armor |
| 27:38 | Queue | Ghulam |
| 27:38 | Queue | Ghulam |
| 27:39 | Queue | Ghulam |
| 28:47 | Queue | Ghulam |
| 28:47 | Queue | Ghulam |
| 29:11 | Queue | Ghulam |
| 29:11 | Queue | Ghulam |
| 29:43 | Queue | Ghulam |
| 29:43 | Queue | Ghulam |
| 30:16 | Queue | Ghulam |
| 30:16 | Queue | Ghulam |
| 30:46 | Queue | Villager (Male) |
| 30:46 | Queue | Villager (Male) |
| 30:53 | Queue | Ghulam |
| 30:53 | Queue | Ghulam |
| 31:56 | Queue | Ghulam |
| 31:56 | Queue | Ghulam |
| 31:56 | Queue | Ghulam |
| 32:13 | Queue | Ghulam |
| 32:14 | Queue | Ghulam |
| 32:14 | Queue | Ghulam |
| 32:36 | Build | Farm |
| 32:36 | Build | Farm |
| 32:42 | Queue | Ghulam |
| 32:42 | Queue | Ghulam |
| 32:49 | Build | House |
| 32:50 | Build | House |
| 33:23 | Queue | Ghulam |
| 33:23 | Queue | Ghulam |
| 34:00 | Queue | Ghulam |
| 34:00 | Queue | Ghulam |
| 34:00 | Queue | Ghulam |
| 34:05 | Queue | Ghulam |
| 34:06 | Queue | Ghulam |
| 34:30 | Queue | Ghulam |
| 34:31 | Queue | Ghulam |
| 34:48 | Queue | Ghulam |
| 34:48 | Queue | Ghulam |
| 34:48 | Queue | Ghulam |
| 35:41 | Queue | Ghulam |
| 35:42 | Queue | Ghulam |
| 35:42 | Queue | Ghulam |
| 35:46 | Build | House |
| 35:46 | Build | House |
| 35:46 | Build | House |
| 35:52 | Build | Farm |
Match timeline
| 10:44 | DarkAngel2173 · first_building Barracks |
| 10:45 | DarkAngel2173 · age_up feudal |
| 12:53 | TooSwift4_U · age_up feudal |
| 14:01 | TooSwift4_U · first_market_sell 100 stone |
| 14:11 | DarkAngel2173 · first_building Archery Range |
| 16:43 | TooSwift4_U · age_up castle |
| 16:58 | TooSwift4_U · first_building Castle |
| 17:46 | DarkAngel2173 · first_market_sell 500 wood |
| 17:57 | DarkAngel2173 · first_market_buy 100 food |
| 18:02 | TooSwift4_U · first_market_buy 100 food |
| 21:29 | DarkAngel2173 · age_up castle |
| 23:04 | DarkAngel2173 · first_building Siege Workshop |
| 34:37 | DarkAngel2173 · first_building Castle |
| 38:51 | TooSwift4_U · first_building Siege Workshop |
| 56:19 | DarkAngel2173 · age_up imperial |
| 58:43 | TooSwift4_U · resign |
[ AI ANALYSIS · 1 CREDIT ]
What really happened in this match?
Wolo.gg analyzes every decision: build order, eco, micro, common mistakes by bracket. Personalized analysis on WhatsApp or Discord in 30 seconds.
Civ guide
Koreans
Perfil
Jugador #15314949